 Dungeon Crawl Stone Soup version 0.16.0-17-g811c1d7 (webtiles) character file.

517 Sorcv the Covert (level 7, -14/36 HPs)
             Began as a Kobold Enchanter on Mar 20, 2015.
             Demolished by an orc warrior
             ... wielding a +0 glaive
              (21 damage)
             ... on level 6 of the Dungeon.
             The game lasted 00:08:54 (2611 turns).

Sorcv the Covert (Kobold Enchanter)                 Turns: 2611, Time: 00:08:54

Health: -14/36     AC:  6    Str:  4    XL:     7   Next: 44%
Magic:  6/12       EV: 15    Int: 13    God:
Gold:   199        SH:  0    Dex: 19    Spells: 2 memorised, 7 levels left

rFire  . . .     SeeInvis .     y - +0 short sword (drain)
rCold  . . .     Clarity  .     b - +1 robe
rNeg   . . .     SustAb   .     (no shield)
rPois  .         Gourm    .     (no helmet)
rElec  +         Spirit   .     e - +2 cloak
rCorr  .         Warding  .     (no gloves)
rMut   .         Stasis   .     (no boots)
MR     .....                    (no amulet)
Stlth  ++++++....               (no ring)
                                (no ring)

@: not resistant to hostile enchantments, very stealthy
A: carnivore 3, electricity resistance, weak 1
a: no special abilities


You were on level 6 of the Dungeon.
You were hungry.

You visited 1 branch of the dungeon, and saw 5 of its levels.

You collected 199 gold pieces.

Inventory:

Hand weapons
 a - a +1 dagger
 v - a +2 dagger of speed
 y - a +0 short sword of draining (weapon)
Armour
 b - a +1 robe (worn)
 e - a +2 cloak (worn)
 u - a +0 buckler
Jewellery
 s - a +4 ring of strength {unknown}
Magical devices
 g - a wand of fire (5)
Scrolls
 f - a scroll of fear {unknown}
 h - 5 scrolls of identify {unknown}
 i - 2 scrolls of immolation {unknown}
 j - a scroll of random uselessness {unknown}
 k - a scroll of blinking {unknown}
 n - 2 scrolls of enchant weapon {unknown}
 o - 4 scrolls of teleportation {unknown}
 p - a scroll of remove curse {unknown}
 q - a scroll of magic mapping {unknown}
 A - a scroll of amnesia {unknown}
Potions
 r - 3 potions of curing
 w - a potion of might
Books
 c - a book of Maledictions

   Spells                             Type                      Level
   a - Corona                         Hexes                        1
   b - Sure Blade                     Hexes/Charms                 2
   c - Ensorcelled Hibernation        Hexes/Ice                    2
   d - Confuse                        Hexes                        3
   e - Dazzling Spray                 Conjuration/Hexes            3
   f - Enslavement                    Hexes                        4
Comestibles
 d - a meat ration


   Skills:
 - Level 1.3 Short Blades
 - Level 2.4 Dodging
 + Level 11.1 Stealth
 - Level 2.0 Spellcasting
 - Level 3.0 Hexes


You had 7 spell levels left.
You knew the following spells:

 Your Spells              Type           Power        Failure   Level  Hunger
a - Corona                Hex            #......      10%         1    ##.....
b - Ensorcelled Hibernat  Hex/Ice        #.....       21%         2    ###....


Dungeon Overview and Level Annotations

Branches:
Dungeon (6/15)
 Temple: D:4-7

Altars:
Cheibriados
Gozag
Makhleb
Nemelex Xobeh
Vehumet
Yredelemnul


Innate Abilities, Weirdness & Mutations

You are small and have problems with some larger weapons.
You are carnivorous and can eat meat at any time.
You are resistant to electric shocks.
You are weak. (Str -2)


Message History

Confirm with . or Enter, or press ? or * to list all spells.
Aiming: Ensorcelled Hibernation
Press: ? - help, Shift-Dir - straight line, f - orc warrior
Aim: an orc warrior, wielding a glaive and wearing a chain mail (chance 37%)
The orc warrior easily resists.
Casting: Ensorcelled Hibernation
Confirm with . or Enter, or press ? or * to list all spells.
Aiming: Ensorcelled Hibernation
Press: ? - help, Shift-Dir - straight line, f/p - orc warrior
Aim: an orc warrior, wielding a glaive and wearing a chain mail (chance 37%)
The orc warrior easily resists.
The orc warrior closely misses you.
Casting: Ensorcelled Hibernation
Confirm with . or Enter, or press ? or * to list all spells.
Aiming: Ensorcelled Hibernation
Press: ? - help, Shift-Dir - straight line, f/p - orc warrior
Aim: an orc warrior, wielding a glaive and wearing a chain mail (chance 37%)
The orc warrior easily resists.
The orc warrior hits you from afar with a glaive!!
Ouch! That really hurt!
You die...

# ###.###### ##
......... .. ..
#.....###.#
...#####
#####.#...#
.......?#
#.......#
.........#
#@###.############
..........# #.#
#.............
..........# #o#
#########....#
..........####'##
#....'
.......=....o....#
######....#
.............o...#
#........##
.................+
+........#
................#
#........#
................#
######+#.##


You could see an orc warrior.

Vanquished Creatures
  A scorpion (D:6)
  3 killer bees (D:6)
  A hound (D:4)
  3 orc priests
  2 orc wizards
  2 worker ants
  Ijyb (D:2)
  2 adders (D:2)
  3 worms (D:3)
  A giant gecko (D:2)
  An ooze (D:4)
  5 orcs
  A ball python (D:2)
  9 bats
  11 goblins
  6 hobgoblins
  8 jackals (D:2)
  5 kobolds
  2 quokkas
  4 giant cockroaches
  3 giant newts
  8 rats
82 creatures vanquished.

Notes
Turn   | Place    | Note
--------------------------------------------------------------
     0 | D:1      | Sorcv, the Kobold Enchanter, began the quest for the Orb.
     0 | D:1      | Reached XP level 1. HP: 10/10 MP: 3/3
   178 | D:1      | Reached XP level 2. HP: 15/15 MP: 4/4
   257 | D:1      | Reached skill level 5 in Stealth
   579 | D:2      | Found a burning altar of Makhleb.
   591 | D:2      | Found a sparkling altar of Nemelex Xobeh.
   661 | D:2      | Reached XP level 3. HP: 19/19 MP: 6/6
   723 | D:2      | Learned a level 2 spell: Ensorcelled Hibernation
   747 | D:2      | Reached skill level 6 in Stealth
   995 | D:2      | Reached XP level 4. HP: 22/24 MP: 7/7
  1023 | D:2      | Found a snail-covered altar of Cheibriados.
  1030 | D:2      | Found a radiant altar of Vehumet.
  1255 | D:2      | Noticed Ijyb
  1271 | D:2      | Killed Ijyb
  1271 | D:2      | Reached skill level 7 in Stealth
  1477 | D:3      | Reached XP level 5. HP: 28/28 MP: 6/9
  1552 | D:3      | Found an opulent altar of Gozag.
  1746 | D:3      | Found a basalt altar of Yredelemnul.
  1886 | D:3      | Reached skill level 8 in Stealth
  2199 | D:4      | Reached skill level 9 in Stealth
  2199 | D:4      | Reached XP level 6. HP: 32/32 MP: 10/10
  2335 | D:4      | Found a staircase to the Ecumenical Temple.
  2408 | D:4      | You fall through a shaft for 2 floors!
  2409 | D:6      | Reached skill level 10 in Stealth
  2420 | D:6      | Reached XP level 7. HP: 23/36 MP: 12/12
  2429 | D:6      | Gained mutation: You are resistant to electric shocks. [potion of mutation]
  2429 | D:6      | Gained mutation: You are weak. (Str -2) [potion of mutation]
  2579 | D:6      | Noticed an orc warrior
  2605 | D:6      | Reached skill level 11 in Stealth
  2611 | D:6      | Demolished by an orc warrior

Action                   |  1- 3 |  4- 6 |  7- 9 || total
-------------------------+-------+-------+-------++-------
Melee: Dagger            |    93 |    56 |       ||   149
       Short sword       |       |    32 |    16 ||    48
 Cast: Ensorcelled Hiber |     1 |     8 |     3 ||    12
       Corona            |     1 |       |       ||     1
  Use: Potion            |       |       |     8 ||     8
 Stab: Sleeping          |     7 |    24 |     1 ||    32
  Eat: Chunk             |       |     2 |       ||     2
       Beef jerky        |       |     1 |       ||     1
       Pizza             |       |       |     1 ||     1
